 Dungeon Crawl Stone Soup version 0.20.0-14-g326068f (webtiles) character file.

417 Hasart the Slasher (level 6, -3/56 HPs)
             Began as a Hill Orc Fighter on June 8, 2017.
             Was an Initiate of Beogh.
             Killed from afar by an orc wizard (4 damage)
             ... with a puff of flame
             ... on level 3 of the Dungeon.
             The game lasted 00:07:30 (2472 turns).

Hasart the Slasher (Hill Orc Fighter)               Turns: 2472, Time: 00:07:31

Health: -3/56      AC: 11    Str: 21    XL:     6   Next: 92%
Magic:  6/6        EV:  7    Int:  8    God:    Beogh [......]
Gold:   90         SH:  9    Dex: 10    Spells: 5/5 levels left

rFire    . . .     SeeInvis .   a - +0 long sword
rCold    . . .     Gourm    .   c - +0 shield
rNeg     . . .     Faith    .   e - +0 scale mail (curse)
rPois    .         Spirit   .   v - +0 helmet
rElec    .         Reflect  .   (no cloak)
rCorr    .         Harm     .   r - +2 pair of gloves
MR       .....                  (no boots)
Stlth    ..........             (no amulet)
Regen    0.2/turn               (no ring)
MPRegen  0.1/turn               (no ring)

@: no status effects
A: no striking features
a: Renounce Religion


You were on level 3 of the Dungeon.
You worshipped Beogh.
Beogh was noncommittal.
You were hungry.

You visited 1 branch of the dungeon, and saw 3 of its levels.

You collected 90 gold pieces.

Inventory:

Hand Weapons
 a - a +0 long sword (weapon)
Armour
 c - a +0 shield (worn)
 e - a cursed +0 scale mail (worn)
 r - a +2 pair of gloves (worn)
 v - a +0 helmet (worn)
Jewellery
 u - a +2 ring of strength {unknown}
Wands
 d - a wand of polymorph (1/24)
 w - a wand of random effects (12/48)
Scrolls
 i - a scroll of recharging {unknown}
 k - 2 scrolls of magic mapping {unknown}
 l - 2 scrolls of fog {unknown}
 o - a scroll of identify {unknown}
 p - 2 scrolls of blinking {unknown}
 q - 2 scrolls of teleportation {unknown}
 t - a scroll of enchant armour {unknown}
Potions
 b - a potion of agility {unknown}
 h - 3 potions of invisibility {unknown}
 m - a potion of resistance {unknown}
 n - a potion of degeneration {unknown}
 x - a potion of ambrosia {unknown}
 z - a potion of brilliance {unknown}
Comestibles
 f - 2 bread rations
 g - 2 meat rations
 j - 4 royal jellies
 s - 2 fruits


   Skills:
 + Level 5.1 Fighting
 * Level 5.3 Long Blades
 + Level 4.6 Armour
 + Level 4.5 Shields
 * Level 0.0 Invocations


You had 5 spell levels left.
You didn't know any spells.

Dungeon Overview and Level Annotations

Branches:
Dungeon (3/15)

Altars:
Ashenzari
Nemelex Xobeh

Annotations:
D:1 1 runed door


Message History

You hit the orc.
The orc is moderately wounded.
The orc wizard gestures at you while chanting.
The magic dart hits you!
* * * LOW HITPOINT WARNING * * *
You block the orc's attack.
You hear some strange, mumbled words.
A puff of flame appears from out of thin air!
The puff of flame hits you!
* * * LOW HITPOINT WARNING * * *
The orc wizard mumbles some strange words.
The orc wizard blinks!
Your shield prevents you from hitting the orc.
The orc is moderately wounded.
The orc wizard is no longer moving quickly.
You block the orc's attack.
You hear some strange, mumbled words.
A puff of flame appears from out of thin air!
The puff of flame hits you!
You die...

# .....#.........#.# #######.# #
#..........##.#.# ....##.# #
#..........##.#.# #####.....#
#.##..........##'#'#+##.........#
#.....................#.##...[..#
####....(.............+ #.......#
# ##......##.........###.#.....#
# #...............o..........#.#
####............@).#.####.###.#.#
##.+......).....o..#.............
##.#...............#.............
##.#..............)#.##.......#+#
##.#....)..........# #...........
.#.##..............# #..)........
.#..............#### #...........
..................## #...........
.#.########........# #..........#


You could see an orc wizard and an orc.

Vanquished Creatures
  Sigmund (D:3)
  The ghost of grindst0ne the Skirmisher, an amateur GrBe of Trog (D:3)
  Ijyb (D:3)
  Robin (D:3)
  An adder (D:3)
  5 worms (D:2)
  4 dart slugs
  2 leopard geckos
  6 orcs (D:3)
  4 giant cockroaches
  19 goblins
  6 hobgoblins
  6 jackals
  6 kobolds
  A quokka (D:3)
  2 ball pythons
  3 bats
  4 frilled lizards
  4 rats
77 creatures vanquished.

Vanquished Creatures (others)
  An orc (D:3)
1 creature vanquished.

Grand Total: 78 creatures vanquished

Notes
Turn   | Place    | Note
-------+----------+-------------------------------------------
     0 | D:1      | Hasart the Hill Orc Fighter began the quest for the Orb.
     0 | D:1      | Reached XP level 1. HP: 19/19 MP: 1/1
     0 | D:1      | Noticed a jelly
     1 | D:1      | Found a runed door.
    21 | D:1      | Reached XP level 2. HP: 24/27 MP: 2/2
    81 | D:1      | Found a shattered altar of Ashenzari.
   280 | D:1      | Reached XP level 3. HP: 30/33 MP: 3/3
  1013 | D:2      | Reached XP level 4. HP: 40/40 MP: 4/4
  1179 | D:2      | Found a sparkling altar of Nemelex Xobeh.
  1438 | D:3      | Noticed Robin
  1680 | D:3      | Killed Robin
  1748 | D:3      | Noticed grindst0ne's ghost (amateur GrBe)
  1785 | D:3      | Killed grindst0ne's ghost
  1785 | D:3      | Reached XP level 5. HP: 7/47 MP: 5/5
  1785 | D:3      | Reached XP level 6. HP: 8/53 MP: 6/6
  1800 | D:3      | Noticed Sigmund
  2055 | D:3      | Killed Sigmund
  2055 | D:3      | Reached skill level 5 in Fighting
  2055 | D:3      | Reached skill level 5 in Long Blades
  2149 | D:3      | Noticed Ijyb
  2166 | D:3      | Killed Ijyb
  2218 | D:3      | Found a faded altar of an unknown god.
  2247 | D:3      | Became a worshipper of Beogh the Brigand
  2471 | D:3      | HP: 1/56 [something/puff of flame (9)]
  2472 | D:3      | Killed from afar by an orc wizard

Skill      XL: |  1  2  3  4  5  6 |
---------------+-------------------+-----
Long Blades    | 3 4 5 |  5.3
Fighting       | 4 5 |  5.1
Armour         | 4 |  4.6
Shields        | 4 |  4.5

Action                   |  1- 3 |  4- 6 || total
-------------------------+-------+-------++-------
Melee: Long sword        |   109 |   203 ||   312
Invok: Convert to Beogh  |       |     1 ||     1
  Use: Potion            |       |     1 ||     1
  Eat: Chunk             |       |     5 ||     5
Armor: Scale mail        |    45 |   114 ||   159
Dodge: Dodged            |    28 |    71 ||    99
Block: Shield            |    41 |   116 ||   157
       Rpst.: Long sword |    10 |    21 ||    31
